 Dungeon Crawl Stone Soup version 0.22-a0-605-g9281fa2 (webtiles) character file.

1 Amnesiac the Ducker (level 1, 0/9 HPs)
             Began as a Spriggan Transmuter on July 8, 2018.
             Slain by a leopard gecko (2 damage)
             ... on level 1 of the Dungeon.
             The game lasted 00:00:18 (194 turns).

Amnesiac the Ducker (Spriggan Transmuter)            Turns: 194, Time: 00:00:19

Health: 0/9        AC:  2    Str:  6    XL:     1   Next: 16%
Magic:  4/5        EV: 18    Int: 14    God:
Gold:   20         SH:  0    Dex: 16    Spells: 4/5 levels left

rFire    . . .     SeeInvis +     - Unarmed
rCold    . . .     Gourm    .   (shield restricted)
rNeg     . . .     Faith    .   b - +0 robe
rPois    .         Spirit   .   (helmet restricted)
rElec    .         Reflect  .   (no cloak)
rCorr    .         Harm     .   (gloves unavailable)
MR       .....                  (boots unavailable)
Stlth    +.........             (no amulet)
HPRegen  0.03/turn              (no ring)
MPRegen  0.09/turn              (no ring)

@: appendage, very quick
A: very small, unfitting armour, talons 3, see invisible, herbivore, speed 3,
slow metabolism 2
a: End Transformation


You were on level 1 of the Dungeon.
You were not hungry.
You had grown temporary talons.
You visited 1 branch of the dungeon, and saw 1 of its levels.

You collected 20 gold pieces.

Inventory:

Missiles
 a - 12 arrows
Armour
 b - a +0 robe (worn)
Jewellery
 c - an uncursed ring of fire {unknown}
Comestibles
 d - a ration


   Skills:
 + Level 0.7 Fighting
 * Level 3.0 Dodging
 - Level 2.4 Unarmed Combat
 + Level 2.7 Spellcasting
 + Level 2.7 Transmutations


You had 4 spell levels left.
You knew the following spells:

 Your Spells              Type           Power        Failure   Level  Hunger
a - Beastly Appendage     Tmut           #.....       7%          1    #......

Your spell library contained the following spells:

 Spells                   Type           Power        Failure   Level  Hunger
 Spider Form              Tmut/Pois      #.........   36%         3    ###....
 Blade Hands              Tmut           #.........   89%         5    ######.
 Ice Form                 Ice/Tmut       #.......     77%         4    #####..
 Sticks to Snakes         Tmut           #.......     11%         2    ###....


Dungeon Overview and Level Annotations

Branches:
Dungeon (1/15)

Altars:
The Shining One


Innate Abilities, Weirdness & Mutations

You are very small and have problems with some larger weapons.
You are too small for most types of armour.
You have supernaturally acute eyesight. (SInv)
You are a herbivore.
You cover ground extremely quickly.
You need to consume almost no food.
You have claws for feet.


Message History

Your feet morph into talons.
The frilled lizard bites you.
You barely miss the frilled lizard.
The frilled lizard completely misses you.
You miss the frilled lizard.
You kill the frilled lizard!
No target in view!
You start resting.
Magic restored.
You start resting.
HP restored.
You start resting.
Your transformation is almost over.
Your talons disappear.
You now have 20 gold pieces (gained 10).
c - a scratched emerald ring As you open the door, it creaks loudly!
A rat comes into view.
Found a glowing golden altar of the Shining One.
A rat is nearby!
Casting: Beastly Appendage (safe; 8% risk of failure)
Confirm with . or Enter, or press ? or * to list all spells.
You grow a pair of large bovine horns.
You hit the rat.
The rat is severely wounded.
The rat bites you.
You barely miss the rat.
The rat is severely wounded.
The rat closely misses you.
You hit the rat.
You kill the rat!
There is an open door here.
You see here a rat corpse.
There is an open door here.
You see here a rat corpse.
Magic restored.
Your transformation is almost over.
Your horns disappear.
A leopard gecko comes into view.
Found a cloak.
A leopard gecko is nearby!
A leopard gecko is nearby!
Found a scroll labeled WUSEOG XAMA.
Casting: Beastly Appendage (safe; 7% risk of failure)
Confirm with . or Enter, or press ? or * to list all spells.
Your feet morph into talons.
You hit the leopard gecko.
The leopard gecko is moderately wounded.
The leopard gecko bites you.
You miss the leopard gecko. You claw the leopard gecko.
The leopard gecko is heavily wounded.
The leopard gecko bites you.
* * * LOW HITPOINT WARNING * * *
You are too injured to fight recklessly!
You are too injured to fight recklessly!
You are too injured to fight recklessly!
You are too injured to fight recklessly!
You barely miss the leopard gecko.
The leopard gecko is heavily wounded.
The leopard gecko barely misses you.
Unknown command.
You completely miss the leopard gecko.
The leopard gecko is heavily wounded.
The leopard gecko bites you.
You die...

## .... ## #.##... .
....... .# .......
###.## .# # ...[...
#..#. ... . #.... #.#.#
#.# # ...#...####.#.#
#.# # #.....l@##.#..##
#.# #
.#.#.#.#..###..#####.###
...###.#...........#
....##.##.#.#####.....
.....##.....#.# #..#.#
.#..##.....##.# #..#.#
...##.....###.#####..#..
?###..##.............###
....# ######.#####.## #


You could see a leopard gecko.

Vanquished Creatures
  A frilled lizard (D:1)
  A rat (D:1)
2 creatures vanquished.

Notes
Turn   | Place    | Note
-------+----------+-------------------------------------------
     0 | D:1      | Amnesiac the Spriggan Transmuter began the quest for the Orb.
     0 | D:1      | Reached XP level 1. HP: 9/9 MP: 5/5
   137 | D:1      | Found a glowing golden altar of the Shining One.
   194 | D:1      | Slain by a leopard gecko

Vault maps used:
D:1:      matt_arrival_los_fun, hangedman_decor_opposing,
          hangedman_decor_diamond_cutter, tso_altar

Action                   || total
-------------------------++-------
Melee: Unarmed           ||     9
       Kick              ||     2
 Cast: Beastly Appendage ||     3
Dodge: Dodged            ||     3

Table legend:
 A = Spawn XP
 B = Non-spawn XP
 C = Spawn XP percentage of total XP
 D = Spawn monster count
 E = Non-spawn monster count
 F = Spawn count percentage of total count
 G = Total turns spent on level
                    A         B        C        D         E        F      G
               +---------+---------+-------+---------+---------+-------+---------
         Total |       0 |       2 |   0.0 |       0 |       2 |   0.0 |   194
               +---------+---------+-------+---------+---------+-------+---------
           D:1 |       0 |       2 |   0.0 |       0 |       2 |   0.0 |   194
               +---------+---------+-------+---------+---------+-------+---------
